 Dungeon Crawl Stone Soup version 0.22-a0-196-gee22f27 (webtiles) character file.

26 mortelune the Chiller (level 2, -2/19 HPs)
             Began as a Demonspawn Ice Elementalist on Feb 17, 2018.
             Slain by Sigmund
             ... wielding a +0 scythe
              (3 damage)
             ... on level 2 of the Dungeon.
             The game lasted 00:03:36 (1743 turns).

mortelune the Chiller (Demonspawn Ice Elementalist) Turns: 1743, Time: 00:03:37

Health: -2/19      AC:  2    Str:  8    XL:     2   Next: 89%
Magic:  5/5        EV: 12    Int: 16    God:
Gold:   18         SH:  0    Dex: 13    Spells: 3/6 levels left

rFire    . . .     SeeInvis .   f - +0 club
rCold    + . .     Gourm    .   (no shield)
rNeg     . . .     Faith    .   a - +0 robe
rPois    .         Spirit   .   (no helmet)
rElec    .         Reflect  .   (no cloak)
rCorr    .         Harm     .   (no gloves)
MR       .....                  (no boots)
Stlth    ++........             (no amulet)
HPRegen  0.06/turn              (no ring)
MPRegen  0.09/turn              (no ring)

@: no status effects
A: cold resistance 1
a: no special abilities


You were on level 2 of the Dungeon.
You were not hungry.

You visited 1 branch of the dungeon, and saw 2 of its levels.

You collected 18 gold pieces.

Inventory:

Hand Weapons
 f - a +0 club (weapon)
Armour
 a - a +0 robe (worn)
Wands
 n - a wand of clouds (8)
Scrolls
 d - a scroll of immolation
 h - 2 scrolls of identify
 l - a scroll of magic mapping {unknown}
 o - a scroll of enchant weapon {unknown}
Potions
 e - 2 potions of curing {unknown}
 i - a potion of heal wounds {unknown}
 j - a potion of cancellation {unknown}
 k - a potion of ambrosia {unknown}
Books
 b - a book of Frost

   Spells                             Type                      Level
   a - Freeze                         Ice                          1
   b - Throw Frost                    Conjuration/Ice              2
   c - Ozocubu's Armour               Charms/Ice                   3
   d - Throw Icicle                   Conjuration/Ice              4
   e - Summon Ice Beast               Ice/Summoning                4
Comestibles
 c - a ration
 m - a chunk of flesh


   Skills:
 - Level 2.0 Dodging
 - Level 1.7 Stealth
 + Level 2.6 Spellcasting
 - Level 1.0 Conjurations
 + Level 3.2 Ice Magic


You had 3 spell levels left.
You knew the following spells:

 Your Spells              Type           Power        Failure   Level  Hunger
a - Freeze                Ice            ##..         5%          1    #......
b - Throw Frost           Conj/Ice       #.....       12%         2    ##.....


Dungeon Overview and Level Annotations

Branches:
Dungeon (2/15)

Altars:

Annotations:
D:2 1 runed door, Sigmund


Innate Abilities, Weirdness & Mutations

Your flesh is cold resistant. (rC+)


Message History

You hear some strange, mumbled words.
You are confused.
You bump into the rock wall.
The kobold hits you.
You bump into the rock wall.
Something hits you!
* * * LOW HITPOINT WARNING * * *
The kobold closely misses you.
You feel less confused. The kobold closely misses you.
Something barely misses you. The kobold completely misses you.
As you read the scroll labeled NAACEDEUXT, it crumbles to dust.
It is a scroll of identify.
d - a scroll of immolation A magic dart appears from out of thin air!
The magic dart hits you!
* * * LOW HITPOINT WARNING * * *
As you read the scroll labeled HOWYNU UTUWEMU, it crumbles to dust.
It is a scroll of amnesia.
Okay, then.
Something hits you.
You die...

#.## #.#.....#.. ##.#
#.......... .. #.##
#.##.#..##. ..#. ##.##
#.#..#..##. .... #..P##
#.#..#..### #.. #..PP#
#....#...# #..# #....#
#....##..##
###...####..#######........
.........K@....#...........
#.........#.#.##.....#.....
#....#....#...##.######.###
#... #....................
#.. #..##..รท.....#####. ..
## ##.##........+ .
##########..#........#
..........#.#........#
..........#.#........#


You could see a kobold.

Vanquished Creatures
  A dart slug (D:2)
  A giant cockroach (D:1)
  3 hobgoblins (D:1)
  A ball python (D:1)
  6 bats
  A frilled lizard (D:1)
  5 goblins (D:1)
  A kobold (D:1)
  5 rats
24 creatures vanquished.

Notes
Turn   | Place    | Note
-------+----------+-------------------------------------------
     0 | D:1      | mortelune the Demonspawn Ice Elementalist began the quest for the Orb.
     0 | D:1      | Reached XP level 1. HP: 13/13 MP: 3/3
   580 | D:1      | Gained mutation: Your flesh is cold resistant. (rC+) [demonic ancestry]
   580 | D:1      | Reached XP level 2. HP: 16/19 MP: 1/5
   696 | D:1      | Reached skill level 3 in Ice Magic
   706 | D:1      | Learned a level 2 spell: Throw Frost
  1694 | D:2      | Found a runed door.
  1719 | D:2      | Noticed Sigmund
  1743 | D:2      | Slain by Sigmund

Vault maps used:
D:1:      dpeg_arrival_central, serial_park_tiny_2
D:2:      uniq_sigmund, uniq_crazy_yiuf_cottage, uniq_robin

Skill      XL: |  1  2 |
---------------+-------+-----
Dodging        | 2 |  2.0
Ice Magic      | 3 |  3.2
Stealth        | |  1.7
Spellcasting   | |  2.6
Conjurations   | |  1.0

Action                   || total
-------------------------++-------
Melee: Unarmed           ||     2
       Club              ||     5
 Cast: Freeze            ||    38
       Throw Frost       ||     1
  Use: Scroll            ||     2
  Eat: Chunk             ||     3
Armor: Robe              ||     7
Dodge: Dodged            ||    31

Table legend:
 A = Spawn XP
 B = Non-spawn XP
 C = Spawn XP percentage of total XP
 D = Spawn monster count
 E = Non-spawn monster count
 F = Spawn count percentage of total count
 G = Total turns spent on level
                    A         B        C        D         E        F      G
               +---------+---------+-------+---------+---------+-------+---------
         Total |       0 |      38 |   0.0 |       0 |      24 |   0.0 |  1743
               +---------+---------+-------+---------+---------+-------+---------
           D:1 |       0 |      32 |   0.0 |       0 |      21 |   0.0 |  1565
           D:2 |       0 |       6 |   0.0 |       0 |       3 |   0.0 |   178
               +---------+---------+-------+---------+---------+-------+---------
